 Dungeon Crawl Stone Soup version 0.27-a0-668-gb5737ff2c0 (webtiles) character file.

Game seed: 7627258413992146218

18 robertstho the Shooter (level 2, -3/25 HPs)
             Began as a Minotaur Hunter on Mar 17, 2021.
             Slain by a goblin (5 damage)
             ... led by Robin
             ... on level 2 of the Dungeon.
             The game lasted 00:00:24 (151 turns).

robertstho the Shooter (Minotaur Hunter)             Turns: 151, Time: 00:00:24

Health: -3/25      AC:  3    Str: 16    XL:     2   Next: 48%
Magic:  1/1        EV: 11    Int:  8    God:
Gold:   26         SH:  0    Dex: 10    Spells: 1/1 levels left

rFire    . . .     SeeInvis .   a - +1 shortbow
rCold    . . .     Faith    .   (shield currently unavailable)
rNeg     . . .     Spirit   .   c - +0 leather armour
rPois    .         Reflect  .   (helmet restricted)
rElec    .         Harm     .   (no cloak)
rCorr    .         Rampage  .   (no gloves)
Will     .....                  (no boots)
Stlth    +.........             (no amulet)
HPRegen  0.08/turn              (no ring)
MPRegen  0.07/turn              (no ring)

@: no status effects
A: horns 2, retaliatory headbutt
a: no special abilities


You were on level 2 of the Dungeon.
You visited 1 branch of the dungeon, and saw 2 of its levels.

You collected 26 gold pieces.

Inventory:

Hand Weapons
 a - a +1 shortbow (weapon)
 b - a +0 short sword
Missiles
 d - 3 arrows (quivered ammo)
Armour
 c - a +0 leather armour (worn)
Scrolls
 f - a scroll of fear {unknown}
 g - a scroll of brand weapon {unknown}
Potions
 e - a potion of resistance {unknown}
 h - a potion of ambrosia {unknown}


   Skills:
 * Level 2.5 Fighting
 * Level 5.1 Bows
 + Level 2.2 Dodging
 - Level 0.7 Stealth


You had one spell level left.
You didn't know any spells.
Your spell library was empty.

Dungeon Overview and Level Annotations

Branches:
Dungeon (1/15)

Altars:


Innate Abilities, Weirdness & Mutations

You have a pair of horns on your head.
You reflexively headbutt those who attack you in melee.


Message History

You shoot an arrow. The arrow hits Robin!
Robin is severely wounded.
Robin throws the goblin at you! The goblin barely misses you.
You furiously retaliate!
You headbutt the goblin.
A goblin comes into view. It is wielding a +0 club.
Robin hits you with a +0 short sword.
You are too injured to fight recklessly!
You are too injured to fight recklessly!
You are too injured to fight recklessly!
You are too injured to fight recklessly!
Fire: 7 arrows
Press: ? - help, Q - select action Shift-Dir - straight line, f/p - Robin
Aim: Robin, wielding a +0 short sword, wearing a +0 animal skin and wearing a +2 helmet (severely wounded, 68% to hit)
You shoot an arrow. The arrow hits Robin.
You kill Robin!
The goblin closely misses you. x2
Your Bows skill increases to level 5!
You have reached level 2!
Fire: 6 arrows
Press: ? - help, Q - select action Shift-Dir - straight line, f - goblin
Aim: a goblin (almost dead, strong, 53% to hit)
You shoot an arrow. The arrow closely misses the goblin.
You hear a shout!
A goblin comes into view. It is wielding a +0 club.
The goblin barely misses you. The goblin closely misses you.
Fire: 5 arrows
Press: ? - help, Q - select action Shift-Dir - straight line, f/p - goblin
Aim: a goblin (severely wounded, strong, 53% to hit)
You shoot an arrow. The arrow barely misses the goblin.
The goblin closely misses you. The goblin hits you but does no damage.
Unknown command.
Fire: 4 arrows
Press: ? - help, Q - select action Shift-Dir - straight line, f/p - goblin
Aim: a goblin (severely wounded, strong, 53% to hit)
You shoot an arrow. The arrow barely misses the goblin.
A goblin comes into view. It is wielding a +0 club.
The goblin hits you with a +0 club!
* * * LOW HITPOINT WARNING * * *
The goblin hits you.
You die...

#+#
#####.#####)###
#...(g#.g......
#.#..)g@#
#.....g(#
###.....#
###.#.# #.#.#
#.#.#
#.#####.#.#
#.......#(#
#.#####.#.#


You could see 4 goblins.

Vanquished Creatures
  Robin (D:2)
  2 goblins (D:2)
  A hobgoblin (D:2)
  A kobold (D:2)
  A quokka (D:1)
6 creatures vanquished.

Notes
Turn   | Place    | Note
-------+----------+-------------------------------------------
     0 | D:1      | robertstho the Minotaur Hunter began the quest for the Orb.
     0 | D:1      | Reached XP level 1. HP: 18/18 MP: 0/0
   106 | D:1      | You fall into a shaft and drop 1 floor!
   140 | D:2      | Noticed Robin
   148 | D:2      | Killed Robin
   149 | D:2      | Reached skill level 5 in Bows
   149 | D:2      | Reached XP level 2. HP: 9/25 MP: 1/1
   151 | D:2      | Slain by a goblin

Illustrated notes

Levels and vault maps discovered:
D:1:      ebering_trefoil_twist, layout_rooms, serial_glass, glass_columns_c,
          glass_columns_a
D:2:      layout_basic, lemuel_round_altar, lemuel_round_altar, serial_shops,
          nicolae_shop_behind_doors, minmay_tromino_i2, uniq_robin, uniq_terence

Skill      XL: |  1 |
---------------+----+-----
Bows           | 5 |  5.1
Fighting       | |  2.5
Dodging        | |  2.2
Stealth        | |  0.7

Action                   || total
-------------------------++-------
 Fire: Shortbow          ||    20
Armor: Leather armour    ||     3
Dodge: Dodged            ||     8

Table legend: (Time is in decaauts)
 A = Elapsed time spent in this place.
 B = Non-inter-level travel time spent in this place.
 C = Inter-level travel time spent in this place.
 D = Time resting spent in this place.
 E = Time spent auto-exploring this place.
 F = Levels seen in this place.
 G = Mean time per level.
                   A        B        C        D        E       F      G
               +--------+--------+--------+--------+--------+-----+--------+
         Total |    152 |    152 |      0 |      0 |    122 |   2 |   76.0 |
       Dungeon |    152 |    152 |      0 |      0 |    122 |   2 |   76.0 |
               +--------+--------+--------+--------+--------+-----+--------+

Top non-repeatable levels by time:
     D:1: 106 daAuts
     D:2: 45 daAuts
